AoeStats
← Long John Silver

MegaRandom

507034037Analyzed
3v3 RM · 16d ago on Sep 16, 2026· 16m 20s· 6 players
Game mode
Random Map
Map size
Normal (6 player)
Population
200
Speed
Normal
Resources
Standard
Victory
Conquest
Starting age
Dark Age
Ending age
Imperial Age
RankedLock teamsTeams togetherTeam positionsShared explorationLock speedFull tech treeHidden civsTurbo modeCheats
Victory
Defeat
🇫🇷 Saracens · France
1478
+16
🇫🇷 Britons · France
1354
+21
🇫🇷 Lithuanians · France
1287
+22
🇨🇭 Mongols · Switzerland
1480
-21
🇩🇪 Teutons · Germany
1471
-20
🇹🇷 Cumans · Türkiye
1422
-18
lorddoc
3:49 Loom
10:22 Feudal Age
16:42 Castle Age
AboSouheib
6:31 Loom
8:41 Feudal Age
9:08 Double-Bit Axe
Long John Silver
10:55 Feudal Age
9:45 Loom
14:53 Castle Age
ccereal
6:10 Loom
8:46 Feudal Age
9:19 Double-Bit Axe
12:21 Fletching
La Momone 38
7:19 Loom
9:37 Feudal Age
12:13 Double-Bit Axe
12:54 Bloodlines
Tonymontana
6:51 Loom
9:17 Feudal Age
14:29 Fletching
16:07 Double-Bit Axe
16:05 Horse Collar
17:08 Wheelbarrow
Connection lost

Rejoining the realm…

Still unreachable

The connection could not be restored.

Session expired

The server has moved on; the page needs a fresh start.